 Dungeon Crawl Stone Soup version 0.29-a0-330-g52719c12eb (webtiles) character file.

Game seed: 17179587645433605873

408 kae the Magician (level 6, -1/36 HPs)
             Began as a Deep Elf Fire Elementalist on May 4, 2022.
             Was an Initiate of Ashenzari.
             Slain by a steam dragon (2 damage)
             ... on level 4 of the Dungeon.
             The game lasted 00:03:30 (5314 turns).

kae the Magician (Deep Elf Fire Elementalist)       Turns: 5314, Time: 00:03:31

Health: -1/36      AC:  6    Str:  5    XL:     6   Next: 57%
Magic:  11/16      EV: 13    Int: 22    God:    Ashenzari [......]
Gold:   204        SH:  0    Dex: 15    Spells: 6/15 levels left

rFire   . . .      SeeInvis .   (no weapon)
rCold   . . .      Faith    .   (no shield)
rNeg    . . .      Spirit   .   a - +1 robe
rPois   +          Reflect  .   r - +1 helmet
rElec   .          Harm     .   (no cloak)
rCorr   .          Rampage  .   c - +0 pair of gloves
Will    .....                   (no boots)
Stlth   ++........              e - amulet of regeneration
HPRegen 0.92/turn               l - ring "Thunder Perfect Mind" {rPois, Self, Elem} (curse)
MPRegen 0.15/turn               (no ring)

@: no status effects
A: no striking features
a: Renounce Religion, Shatter the Chains


You were on level 4 of the Dungeon.
You worshipped Ashenzari.
Ashenzari was noncommittal.
You visited 1 branch of the dungeon, and saw 4 of its levels.
You also visited: Sewer.

You collected 204 gold pieces.

Inventory:

Armour
 a - a +1 robe (worn)
 c - a +0 pair of gloves (worn)
 r - a +1 helmet (worn)
Jewellery
 d - a ring of ice
 e - an amulet of regeneration (around neck)
 l - the cursed ring "Thunder Perfect Mind" (left hand) {rPois, Self, Elem}
   (You found it on level 2 of the Dungeon)

   [ring of poison resistance]

   rPois:     It protects you from poison.
   It has a curse which improves the following skills: Introspection: Fighting
   and Spellcasting.
   Elements:  Fire Magic, Ice Magic, Air Magic and Earth Magic.
 u - an amulet of the acrobat
Wands
 s - a wand of digging (1)
Scrolls
 k - a scroll of blinking
 n - 3 scrolls of magic mapping
 v - a scroll of silence {unknown}
Potions
 b - 3 potions of magic
 f - 2 potions of curing
 g - a potion of mutation
 h - 2 potions of resistance {unknown}
 i - a potion of flight {unknown}
 j - 2 potions of cancellation {unknown}
 m - a potion of might
 o - 2 potions of brilliance {unknown}
 p - 2 potions of heal wounds {unknown}
 q - a potion of invisibility {unknown}
 t - a potion of attraction {unknown}


   Skills:
 + Level 2.2(2.6) Fighting
 + Level 4.3 Dodging
 - Level 2.4 Stealth
 + Level 5.0(5.4) Spellcasting
 + Level 3.3 Conjurations
 + Level 4.5(5.0) Fire Magic


You had 6 spell levels left.
You knew the following spells:

 Your Spells              Type           Power      Damage    Failure   Level
a - Foxfire               Conj/Fire      96%        2x1d8     1%          1
b - Scorch                Fire           56%        2d8       1%          2
c - Conjure Flame         Conj/Fire      24%        6-21      5%          3
d - Inner Flame           Hex/Fire       17%        N/A       11%         3

Your spell library contained the following spells:

 Spells                   Type           Power      Damage    Failure   Level
 Pain                     Necr           24%        1d5       10%         1
 Ignite Poison            Fire/Tmut/Pois 13%        N/A       14%         3
 Flame Wave               Conj/Fire      24%        2d7       17%         4
 Sticky Flame             Conj/Fire      24%        2d5       17%         4
 Agony                    Necr           6%         N/A       95%         5
 Alistair's Intoxication  Tmut/Pois      4%         N/A       95%         5
 Borgnjor's Vile Clutch   Necr/Erth      3%         N/A       95%         5
 Excruciating Wounds      Necr           3%         N/A       95%         5
 Eringya's Noxious Bog    Tmut/Pois      3%         N/A       100%        6


Dungeon Overview and Level Annotations

Branches:
Dungeon (4/15)              Sewer (visited)
 Temple: D:4-7

Altars:
Ashenzari
Gozag
Hepliaklqana
Kikubaaqudgha
Makhleb
Nemelex Xobeh
Okawaru
Qazlal
Xom
Zin
The Shining One

Shops:
D:4 :

Annotations:
D:3 1 runed translucent door, benappo's ghost, amateur DjTm


Message History

A steam dragon is nearby!
Casting: Foxfire (safe; 1% risk of failure)
Confirm with . or Enter, or press ? or * to list all spells.
You conjure some foxfire!
The foxfire hits the steam dragon but does no damage.
The steam dragon is lightly wounded.
The foxfire hits the steam dragon.
The steam dragon is moderately wounded.
The foxfire hits the steam dragon!
The steam dragon is heavily wounded.
Casting: Foxfire (safe; 1% risk of failure)
Confirm with . or Enter, or press ? or * to list all spells.
You conjure some foxfire!
The foxfire hits the steam dragon but does no damage.
The steam dragon is heavily wounded.
The foxfire hits the steam dragon.
The steam dragon is severely wounded.
The steam dragon breathes steam at you. The ball of steam hits you!
You're standing in a cloud of steam!
Casting: Foxfire (safe; 1% risk of failure)
Confirm with . or Enter, or press ? or * to list all spells.
You conjure some foxfire!
You are engulfed in a cloud of scalding steam.
The foxfire hits the steam dragon but does no damage.
The steam dragon is severely wounded.
The foxfire hits the steam dragon.
The steam dragon is severely wounded.
Casting: Foxfire (safe; 1% risk of failure)
Confirm with . or Enter, or press ? or * to list all spells.
Flames lash the steam dragon.
The steam dragon is almost dead.
The steam dragon's fire resistance burns away.
You are engulfed in a cloud of scalding steam.
* * * LOW HITPOINT WARNING * * *
The steam dragon closely misses you. x2
The steam dragon bites you.
* * * LOW HITPOINT WARNING * * *
The steam dragon claws you.
You die...

#.# #...∩..#### ####
#.###.......... ....#
#..#...........
.....#####.............
.......................
. ......................
....##...§.........#####
.....#..........##..#
.......@..####..###..#
......D.[.# #.## #..
.....§.§...# .#
...........§#......
.............#...###
#...............##
#............##..
#...........# #.# .
#..........# .


You could see a steam dragon (combustible).

Vanquished Creatures
  A black bear (D:4)
  An ogre (D:3)
  A hound (D:4)
  2 jellies (Sewer)
  2 adders
  A river rat (Sewer)
  An ufetubus (D:4)
  A dart slug (D:3)
  An orc (D:4)
  7 ball pythons
  19 endoplasms
  6 giant cockroaches
  5 goblins
  11 hobgoblins
  6 kobolds
  5 quokkas
  9 bats
  6 frilled lizards
  10 rats
95 creatures vanquished.

Vanquished Creatures (others)
  348 foxfires
  2 withered plants (D:3)
350 creatures vanquished.

Grand Total: 445 creatures vanquished

Notes
Turn   | Place    | Note
-------+----------+-------------------------------------------
     0 | D:1      | kae the Deep Elf Fire Elementalist began the quest for the
                  | Orb.
     0 | D:1      | Reached XP level 1. HP: 10/10 MP: 6/6
   578 | D:1      | Reached XP level 2. HP: 15/15 MP: 5/8
   669 | D:1      | Found a faded altar of an unknown god.
  1471 | D:2      | Learned a level 2 spell: Scorch
  1506 | D:2      | Reached XP level 3. HP: 20/20 MP: 5/9
  1637 | D:2      | Learned a level 3 spell: Conjure Flame
  1779 | D:2      | Reached skill level 1 in Fighting
  2698 | D:3      | You fall into a shaft and drop 1 floor!
  2889 | D:4      | Reached XP level 4. HP: 25/25 MP: 8/11
  2928 | D:4      | Found a stormy altar of Qazlal.
  2928 | D:4      | Found a hazy altar of Hepliaklqana.
  2931 | D:4      | Found a broken altar of Ashenzari.
  3028 | D:4      | Became a worshipper of Ashenzari the Shackled
  3075 | D:4      | Reached skill level 4 in Spellcasting
  3123 | D:4      | Found a glowing drain.
  3132 | Sewer    | Entered a sewer
  3190 | Sewer    | Learned a level 3 spell: Inner Flame
  3286 | Sewer    | Reached XP level 5. HP: 29/29 MP: 10/13
  3570 | Sewer    | Found a viscous altar of Jiyva.
  3961 | D:4      | Found a glowing golden altar of the Shining One.
  3962 | D:4      | Found a shimmering altar of Xom.
  3962 | D:4      | Found an ancient bone altar of Kikubaaqudgha.
  3962 | D:4      | Found a burning altar of Makhleb.
  3962 | D:4      | Found an iron altar of Okawaru.
  3963 | D:4      | Found a sparkling altar of Nemelex Xobeh.
  4060 | D:3      | Found a runed translucent door.
  4086 | D:3      | Noticed benappo's ghost (amateur DjTm)
  4573 | D:3      | Noticed an ogre
  4582 | D:3      | Killed an ogre
  4583 | D:3      | Reached XP level 6. HP: 36/36 MP: 10/15
  4673 | D:3      | Found an opulent altar of Gozag.
  4703 | D:3      | Found a glowing silver altar of Zin.
  5168 | D:4      | Reached skill level 5 in Spellcasting
  5287 | D:4      | Found Wuge's Book Emporium.
  5304 | D:4      | Noticed a steam dragon
  5314 | D:4      | HP: 1/36 [steam dragon (6)]
  5314 | D:4      | Slain by a steam dragon

Illustrated notes

Levels and vault maps discovered:
D:1:      minmay_arrival_arboretum_large, layout_basic,
          hellmonk_ecumenical_altar_zigzags, st_stairs_10
D:2:      layout_rooms
D:3:      layout_basic, pdpol_temple_overflow_zin_treasury_gozag_greed,
          gammafunk_ghost_grave
D:4:      layout_layer_cave, minitemple, gup_sewer_entry_pipe, serial_shops,
          shop, dreamdust_princess_bridge

Skill      XL: |  1  2  3  4  5  6 |
---------------+-------------------+-----
Dodging        | 3 4 |  4.3
Fighting       | 1 2 |  2.2
Conjurations   | 2 3 |  3.3
Spellcasting   | 4 5 |  5.0
Fire Magic     | 4 |  4.5
Stealth        | |  2.4

Action                   |  1- 3 |  4- 6 || total
-------------------------+-------+-------++-------
Melee: Unarmed           |     1 |       ||     1
 Cast: Foxfire           |   116 |    94 ||   210
       Scorch            |       |     5 ||     5
Invok: Curse Item        |       |     1 ||     1
  Use: Scroll            |    11 |     4 ||    15
Armor: Robe              |     2 |     3 ||     5
Dodge: Dodged            |    18 |     4 ||    22

Table legend: (Time is in decaauts)
 A = Elapsed time spent in this place.
 B = Non-inter-level travel time spent in this place.
 C = Inter-level travel time spent in this place.
 D = Time resting spent in this place.
 E = Time spent auto-exploring this place.
 F = Levels seen in this place.
 G = Mean time per level.
                   A        B        C        D        E       F      G
               +--------+--------+--------+--------+--------+-----+--------+
         Total |   5342 |   5178 |    164 |      2 |   4355 |   5 | 1068.4 |
       Dungeon |   4729 |   4565 |    164 |      2 |   3924 |   4 | 1182.2 |
         Sewer |    613 |    613 |      0 |      0 |    431 |   1 |  613.0 |
               +--------+--------+--------+--------+--------+-----+--------+

Top non-repeatable levels by time:
     D:1: 1390 daAuts
     D:4: 1197 daAuts
     D:3: 1184 daAuts
     D:2: 956 daAuts
   Sewer: 613 daAuts
